 Dungeon Crawl Stone Soup version 0.31-a0-128-g25add195a6 (webtiles) character file.

Game seed: 5384840513508862021

4374 SeerSkye the Skirmisher (level 10, 0/93 HPs)
             Began as a Hill Orc Hunter on June 1, 2023.
             Was a High Priest of Cheibriados.
             Slain by an orc knight
             ... wielding a +0 halberd
              (19 damage)
             ... in a bailey.
             The game lasted 00:35:04 (6109 turns).

SeerSkye the Skirmisher (Hill Orc Hunter)           Turns: 6109, Time: 00:35:05

Health: 0/93       AC: 10    Str: 29    XL:     10   Next: 34%
Magic:  1/1        EV: 13    Int: 29    God:    Cheibriados [*****.]
Gold:   369        SH:  0    Dex: 35    Spells: 9/9 levels left

rFire   . . .        n - +5 sling "Jatuk" {drain, rElec rC+ MP-9 Int+6}
rCold   + . .        (no shield)
rNeg    + + +        f - +0 leather armour "Ommid" {-Cast rN++ Dex+3}
rPois   .            K - +1 helmet
rElec   +            I - +0 cloak
rCorr   .            (no gloves)
SInv    .            (no boots)
Will    .....        (no amulet)
Stlth   +++          C - ring of positive energy
HPRegen 0.35/turn    r - +4 ring of protection
MPRegen 0.07/turn

%: no spellcasting
@: mighty, very slow
A: no striking features
a: Renounce Religion, Bend Time, Temporal Distortion, Slouch, Step From Time


You were in a bailey.
You worshipped Cheibriados.
Cheibriados was extremely pleased with you.
You visited 1 branch of the dungeon, and saw 8 of its levels.
You also visited: Sewer and Bailey.

You collected 369 gold pieces.

Inventory:

Hand Weapons
 a - a +0 shortbow of freezing
 n - the +5 sling "Jatuk" (weapon) {drain, rElec rC+ MP-9 Int+6}
   (You found it on level 2 of the Dungeon)

   Int:       It affects your intelligence (+6).
   rC:        It protects you from cold.
   rElec:     It insulates you from electricity.
   MP:        It affects your magic capacity (-9).
 L - a +0 heavy triple crossbow
Missiles
 z - 6 poisoned darts
 A - 5 curare-tipped darts
Armour
 f - the +0 leather armour "Ommid" (worn) {-Cast rN++ Dex+3}
   (You found it on level 3 of the Dungeon)

   Dex:       It affects your dexterity (+3).
   rN:        It greatly protects you from negative energy.
   -Cast:     It prevents spellcasting.
 g - a +0 scale mail
 l - an orb of energy
 E - the +12 gold dragon scales of Integrity {-Cast rPois rF+ rC+ Str+9 Dex+3 Stlth+}
   (You acquired it on level 7 of the Dungeon)

   Str:       It affects your strength (+9).
   Dex:       It affects your dexterity (+3).
   rF:        It protects you from fire.
   rC:        It protects you from cold.
   rPois:     It protects you from poison.
   -Cast:     It prevents spellcasting.
   Stlth:     It makes you more stealthy.
 G - a +2 chain mail of cold resistance
 I - a +0 cloak (worn)
 K - a +1 helmet (worn)
Jewellery
 c - an amulet of guardian spirit
 p - the amulet of Elemental Vulnerability {rPois rF-- rC-- AC+8}
   (You found it on level 5 of the Dungeon)

   [amulet of nothing]

   AC:        It affects your AC (+8).
   rF:        It makes you very vulnerable to fire.
   rC:        It makes you very vulnerable to cold.
   rPois:     It protects you from poison.
 r - a +4 ring of protection (right hand)
 C - a ring of positive energy (left hand)
Wands
 k - a wand of digging (10)
 o - a wand of light (5)
 s - a wand of roots (2)
 t - a wand of mindburst (11)
Scrolls
 b - 2 scrolls of butterflies
 d - a scroll of amnesia
 w - a scroll of noise
 B - a scroll of immolation
 D - a scroll of silence
 F - a scroll of blinking {unknown}
 J - a scroll of enchant armour {unknown}
Potions
 e - 2 potions of attraction
 h - 3 potions of lignification
 i - 2 potions of ambrosia
 j - 2 potions of heal wounds {@q2}
 m - a potion of brilliance {unknown}
 u - a potion of resistance
 v - 2 potions of cancellation
 x - a potion of mutation
 H - a potion of degeneration {unknown}


   Skills:
 + Level 10.2 Fighting
 * Level 11.3 Ranged Weapons
 - Level 3.9 Armour
 - Level 1.5 Dodging
 - Level 0.7 Stealth
 - Level 1.1 Invocations


You had 9 spell levels left.
You didn't know any spells.
Your spell library was empty.

Dungeon Overview and Level Annotations

Branches:
Dungeon (8/15) Zot: 40356  Temple (0/1) D:5           Sewer (visited)
 Bailey (1/1) Zot: 8433
   Lair: D:8-11

Altars:
Cheibriados
Dithmenos
Elyvilon
Hepliaklqana
Makhleb
Okawaru
Ru
Xom

Shops:
D:3 :

Annotations:
D:4 Sigmund


Message History

You shoot a sling bullet.
The sling bullet closely misses the orc knight.
Fire: n) +5 sling "Jatuk" {drain, rElec rC+ MP-9 Int+6}
Press: ? - help, Q - select action, (/) - cycle Shift-Dir - straight line, f/p - orc knight
Aim: an orc knight, wielding a +0 halberd and wearing a +0 chain mail (lightly wounded, 75% to hit)
You shoot a sling bullet. The sling bullet hits the orc knight.
You drain the orc knight.
The orc knight is lightly wounded.
The orc knight misses you.
You feel very mighty all of a sudden.
The orc knight hits you with a +0 halberd!
Fire: n) +5 sling "Jatuk" {drain, rElec rC+ MP-9 Int+6}
Press: ? - help, Q - select action, (/) - cycle Shift-Dir - straight line, f/p - orc knight
Aim: an orc knight, wielding a +0 halberd and wearing a +0 chain mail (lightly wounded, lightly drained, 75% to hit)
You shoot a sling bullet.
The sling bullet completely misses the orc knight.
The orc knight hits you with a +0 halberd!
Fire: n) +5 sling "Jatuk" {drain, rElec rC+ MP-9 Int+6}
Press: ? - help, Q - select action, (/) - cycle Shift-Dir - straight line, f/p - orc knight
Aim: an orc knight, wielding a +0 halberd and wearing a +0 chain mail (lightly wounded, lightly drained, 75% to hit)
You shoot a sling bullet.
The sling bullet closely misses the orc knight.
The orc knight hits you with a +0 halberd.
* * * LOW HITPOINT WARNING * * *
Fire: n) +5 sling "Jatuk" {drain, rElec rC+ MP-9 Int+6}
Press: ? - help, Q - select action, (/) - cycle Shift-Dir - straight line, f/p - orc knight
Aim: an orc knight, wielding a +0 halberd and wearing a +0 chain mail (lightly wounded, lightly drained, 75% to hit)
You shoot a sling bullet.
The sling bullet completely misses the orc knight.
The orc knight hits you with a +0 halberd!!
* * * LOW HITPOINT WARNING * * *
Unknown command.
As you read the scroll of butterflies, it crumbles to dust.
You hear the flapping of tiny wings.
The orc knight is knocked back by the sudden gust.
You swap places.
The orc knight hits you from afar with a +0 halberd!
* * * LOW HITPOINT WARNING * * *
The orc knight hits you from afar with a +0 halberd!!
You die...

#.~.#############+#############
#.~.##.$$$ ##.........## ....##
#)~..##.$.##.bb≈b.b≈§§.##...##.
#.~~..##.##.b≈bb.b..≈≈..'#.##..
#∩.~~..#+#..bbbb.⌠.§.≈≈..#+#..~
##.~~..# #.bbb.bbb⌠.§..§.# #..~
#.~~..## ##bb§bbbb))≈≈..# ##..
#.~..## ##obb≈b≈§b≈§.# ##.
#.~.##..b..b#.@.b...b.# ##
#.~.#############b###)#########
#.~...)....).##.....##)........
#.~~~~~~~~~~..##.∩.##..~~~))~~~
#.....)...)~~..##.##..~~.......
##########..~~..###..~~..######
##..~~.....~~..##
##..~~~~~~~..## ##.........##


You could see an orc knight (drained, ally target).

Vanquished Creatures
  An orc knight (Bailey)
  Pikel (D:5)
  Eustachio (D:5)
  Edmund (D:5)
  2 water moccasins
  7 orc warriors (Bailey)
  A black bear (D:7)
  A sky beast (D:8)
  An ogre (D:4)
  2 centaurs
  3 phantoms
  A lemure (D:5)
  4 scorpions
  3 wights (D:5)
  6 killer bees (D:7)
  3 howler monkeys (D:7)
  5 jellies
  4 orc priests
  Crazy Yiuf (D:5)
  2 sleepcaps
  Ijyb (D:4)
  Terence (D:3)
  7 orc wizards
  Robin (D:3)
  3 gnolls (D:7)
  9 adders
  A shadow imp (D:7)
  2 white imps (D:6)
  An ufetubus (D:5)
  3 worms
  34 orcs
  12 ball pythons
  7 bats
  9 endoplasms
  3 giant cockroaches (D:4)
  20 goblins
  4 hobgoblins
  11 jackals
  7 quokkas
  9 frilled lizards
  6 kobolds
  10 rats
211 creatures vanquished.

Notes
Turn   | Place    | Note
-------+----------+-------------------------------------------
     0 | D:1      | SeerSkye the Hill Orc Hunter began the quest for the Orb.
     0 | D:1      | Reached XP level 1. HP: 18/18 MP: 1/1
   124 | D:1      | Reached XP level 2. HP: 25/25 MP: 2/2
   230 | D:1      | Reached skill level 4 in Ranged Weapons
   673 | D:2      | Reached XP level 3. HP: 13/31 MP: 3/3
  1055 | D:2      | Found a faded altar of an unknown god.
  1071 | D:2      | Prayed at the altar of an unknown god.
  1071 | D:2      | Became a worshipper of Cheibriados the Contemplative
  1071 | D:2      | Reached * piety under Cheibriados
  1162 | D:2      | Identified the +5 sling "Jatuk" {drain, rElec rC+ MP-9
                  | Int+6}
  1227 | D:3      | Noticed Terence
  1231 | D:3      | Killed Terence
  1232 | D:3      | Reached XP level 4. HP: 20/38 MP: 0/4
  1346 | D:3      | Reached skill level 1 in Invocations
  1381 | D:3      | Found a burning altar of Makhleb.
  1381 | D:3      | Noticed Robin
  1396 | D:3      | Killed Robin
  1435 | D:3      | Reached ** piety under Cheibriados
  1546 | D:3      | Reached XP level 5. HP: 46/46 MP: 0/5
  1565 | D:3      | Found Ujekath's Book Shop.
  1643 | D:3      | Reached skill level 5 in Ranged Weapons
  1866 | D:3      | Found an iron altar of Okawaru.
  1895 | D:3      | Found a sacrificial altar of Ru.
  1903 | D:3      | Identified the +0 leather armour "Ommid" {-Cast rN++ Dex+3}
  2155 | D:4      | Noticed Ijyb
  2159 | D:4      | Killed Ijyb
  2160 | D:4      | Reached XP level 6. HP: 53/53 MP: 0/6
  2208 | D:4      | Found a glowing drain.
  2213 | D:4      | Reached *** piety under Cheibriados
  2226 | Sewer    | Entered a sewer
  2306 | Sewer    | Reached skill level 5 in Fighting
  2306 | Sewer    | Reached skill level 6 in Ranged Weapons
  2382 | Sewer    | Reached **** piety under Cheibriados
  2383 | Sewer    | Reached XP level 7. HP: 61/61 MP: 0/7
  2399 | Sewer    | Found a viscous altar of Jiyva.
  2472 | D:4      | Found a shadowy altar of Dithmenos.
  2679 | D:4      | Reached skill level 7 in Ranged Weapons
  2700 | D:4      | Noticed Sigmund
  2782 | D:5      | Entered Level 5 of the Dungeon
  2796 | D:5      | Noticed Edmund
  2814 | D:5      | Killed Edmund
  2815 | D:5      | Reached XP level 8. HP: 37/71 MP: 0/8
  2816 | D:5      | Noticed Pikel
  2823 | D:5      | Found the amulet of Elemental Vulnerability {rPois rF--
                  | rC-- AC+8}
  2888 | D:5      | Reached skill level 8 in Ranged Weapons
  2933 | D:5      | Noticed Eustachio
  2944 | D:5      | Killed Eustachio
  2993 | D:5      | Found a hazy altar of Hepliaklqana.
  3020 | D:5      | Found a white marble altar of Elyvilon.
  3043 | D:5      | Killed Pikel
  3044 | D:5      | Reached skill level 9 in Ranged Weapons
  3044 | D:5      | Reached XP level 9. HP: 82/82 MP: 0/9
  3152 | D:5      | Reached ***** piety under Cheibriados
  3219 | D:5      | Found a staircase to the Ecumenical Temple.
  3417 | D:5      | Found a runed translucent door.
  3418 | D:5      | Noticed Crazy Yiuf
  3617 | D:5      | Killed Crazy Yiuf
  3842 | D:6      | Found a shimmering altar of Xom.
  3877 | D:6      | Found a shimmering altar of Xom.
  4119 | D:6      | Reached skill level 1 in Armour
  4306 | D:6      | Found a shimmering altar of Xom.
  4446 | D:7      | Identified 3 scrolls of acquirement
  4446 | D:7      | Acquired a +4 ring of protection
  4449 | D:7      | Acquired a +0 triple crossbow of draining
  4451 | D:7      | Acquired the +12 gold dragon scales of Integrity {-Cast
                  | rPois rF+ rC+ Str+9 Dex+3 Stlth+}
  4614 | D:7      | Reached skill level 10 in Ranged Weapons
  5753 | D:8      | Found a flagged portal.
  5770 | Bailey   | Entered a bailey
  5796 | Bailey   | Reached XP level 10. HP: 82/91 MP: 1/10
  5857 | Bailey   | Noticed an orc knight
  5965 | Bailey   | Reached skill level 11 in Ranged Weapons
  6003 | Bailey   | Killed an orc knight
  6004 | Bailey   | Reached skill level 10 in Fighting
  6094 | Bailey   | Noticed an orc knight
  6109 | Bailey   | Slain by an orc knight

Illustrated notes

Levels and vault maps discovered:
D:1:      amcnicky_arrival_gap_in_the_tavern_cellar, layout_basic
D:2:      layout_rooms, shapermc_ecumenical_altar_flowoftime
D:3:      layout_loops_ring, nicolae_overflow_crystal_walls,
          overflow_temple_1_default, mainiacjoe_overflow_concentric_impassable,
          serial_shops, nicolae_shop_waterfront,
          nicolae_elevator_lobby_asterisk, uniq_terence, uniq_robin
D:4:      layout_basic, grunt_temple_overflow_holy_war, marbit_many_paths,
          cheibrodos_sewer_entry_drain, uniq_sigmund, uniq_ijyb
D:5:      layout_cave_pools, mainiacjoe_overflow_small_starburst,
          mainiacjoe_overflow_brackets, minmay_temple_entry_wispy,
          uniq_crazy_yiuf_cottage, uniq_edmund, uniq_eustachio, uniq_pikel
D:6:      layout_gridville, xom_redecorated, chequers_serial_rivers_micro_b
D:7:      layout_basic, serial_aquarium, aquarium_bridge_square
          [aquarium_subvault_bridge, aquarium_subvault_wall,
          aquarium_subvault_window, aquarium_subvault_bridge],
          aquarium_bridge_straight [aquarium_subvault_bridge,
          aquarium_subvault_window, aquarium_subvault_bridge,
          aquarium_subvault_wall], aquarium_window_1, aquarium_window_1,
          aquarium_window_1, aquarium_window_corridor_2, aquarium_view_2b,
          aquarium_pool_2, chequers_serial_rivers_micro_d
D:8:      layout_cave_pools, enter_bailey_5
Bailey:   bailey_polearm_1, bailey

Skill      XL: |  1  2  3  4  5  6  7  8  9 10 |
---------------+-------------------------------+-----
Ranged Weapons | 4 5 6 7 9 10 11 | 11.3
Fighting       | 3 4 5 6 8 9 10 | 10.2
Invocations    | 1 |  1.1
Armour         | 3 |  3.9
Dodging        | |  1.5
Stealth        | |  0.7

Action                     |  1- 3 |  4- 6 |  7- 9 | 10-12 || total
---------------------------+-------+-------+-------+-------++-------
   Fire: Shortbow          |   107 |       |       |       ||   107
         Sling             |     4 |   142 |   259 |    83 ||   488
         Triple crossbow   |       |       |     7 |       ||     7
  Evoke: Wand              |       |       |       |     5 ||     5
    Use: Scroll            |     3 |     3 |    11 |     1 ||    18
         Potion            |       |     1 |     8 |     2 ||    11
 Armour: Leather armour    |    21 |    14 |    30 |     2 ||    67
         Scale mail        |       |       |     6 |       ||     6
  Dodge: Dodged            |    41 |    20 |   100 |    21 ||   182

Table legend: (Time is in decaauts)
 A = Elapsed time spent in this place.
 B = Non-inter-level travel time spent in this place.
 C = Inter-level travel time spent in this place.
 D = Time resting spent in this place.
 E = Time spent auto-exploring this place.
 F = Levels seen in this place.
 G = Mean time per level.
                   A        B        C        D        E       F      G
               +--------+--------+--------+--------+--------+-----+--------+
         Total |   8996 |   8481 |    515 |    609 |   3305 |  10 |  899.6 |
       Dungeon |   8109 |   7594 |    515 |    609 |   3305 |   8 | 1013.6 |
         Sewer |    323 |    323 |      0 |      0 |      0 |   1 |  323.0 |
        Bailey |    564 |    564 |      0 |      0 |      0 |   1 |  564.0 |
               +--------+--------+--------+--------+--------+-----+--------+

Top non-repeatable levels by time:
     D:7: 1943 daAuts
     D:6: 1375 daAuts
     D:5: 1355 daAuts
     D:3: 1175 daAuts
     D:4: 812 daAuts
     D:1: 762 daAuts
  Bailey: 564 daAuts
     D:2: 541 daAuts
   Sewer: 323 daAuts
     D:8: 144 daAuts
